 Dungeon Crawl Stone Soup version 0.21-a0-349-g0c35859 (webtiles) character file.

70 TheGoonsmith the Sneak (level 4, -4/21 HPs)
             Began as a Vine Stalker Enchanter on Oct 8, 2017.
             Was a Believer of Uskayaw.
             Killed from afar by a white imp (7 damage)
             ... with a puff of frost
             ... summoned by Natasha
             ... on level 3 of the Dungeon.
             The game lasted 00:03:16 (2419 turns).

TheGoonsmith the Sneak (Vine Stalker Enchanter)     Turns: 2419, Time: 00:03:16

Health: -4/21      AC:  3    Str: 11    XL:     4   Next: 21%
Magic:  0/8        EV: 12    Int: 15    God:    Uskayaw [**....]
Gold:   181        SH:  0    Dex: 15    Spells: 6/7 levels left

rFire    . . .     SeeInvis .   a - +1 dagger
rCold    . . .     Gourm    .   (no shield)
rNeg     . . .     Faith    .   b - +0 robe
rPois    .         Spirit   +   (no helmet)
rElec    .         Reflect  .   (no cloak)
rCorr    .         Harm     .   (no gloves)
MR       .....                  p - +0 pair of boots
Stlth    +++.......             (no amulet)
HPRegen  0.47/turn              (no ring)
MPRegen  0.11/turn              (no ring)

@: no status effects
A: fangs 2, regeneration 1, magic shield, antimagic bite, no potion heal 3, rot
immunity
a: Stomp, Line Pass, Renounce Religion


You were on level 3 of the Dungeon.
You worshipped Uskayaw.
Uskayaw was noncommittal.
You were hungry.

You visited 1 branch of the dungeon, and saw 3 of its levels.

You collected 181 gold pieces.

Inventory:

Hand Weapons
 a - a +1 dagger (weapon)
Missiles
 f - 7 javelins (quivered)
Armour
 b - a +0 robe (worn)
 p - a +0 pair of boots (worn)
Jewellery
 k - a +5 ring of evasion {unknown}
Wands
 n - a wand of random effects (25/48)
Scrolls
 e - 2 scrolls of identify {unknown}
 i - a scroll of noise {unknown}
 m - 2 scrolls of remove curse {unknown}
 q - a scroll of blinking {unknown}
Potions
 h - 4 potions of curing {unknown}
 j - a potion of might {unknown}
 l - a potion of mutation {unknown}
 o - a potion of flight {unknown}
Books
 c - a book of Maledictions

   Spells                             Type                      Level
   a - Corona                         Hexes                        1
   b - Ensorcelled Hibernation        Hexes/Ice                    2
   c - Confuse                        Hexes                        3
   d - Tukima's Dance                 Hexes                        3
   e - Dazzling Spray                 Conjuration/Hexes            3
Comestibles
 d - 2 bread rations
 g - 2 royal jellies


   Skills:
 * Level 2.9 Short Blades
 - Level 1.5 Dodging
 + Level 4.6 Stealth
 - Level 2.1 Spellcasting
 - Level 3.0 Hexes


You had 6 spell levels left.
You knew the following spells:

 Your Spells              Type           Power        Failure   Level  Hunger
a - Corona                Hex            ##.....      6%          1    #......


Dungeon Overview and Level Annotations

Branches:
Dungeon (3/15)

Altars:
Uskayaw

Annotations:
D:3 Natasha


Innate Abilities, Weirdness & Mutations

You have extremely sharp teeth.
Your natural rate of healing is unusually fast.
When hurt, damage is shared between your health and your magic reserves.
Your bite disrupts and absorbs the magic of your enemies.
Potions cannot restore your health.
You are immune to rotting.


Message History

Natasha is moderately wounded.
Natasha casts a spell.
You hit Natasha.
Natasha is heavily wounded.
Natasha closely misses you.
You barely miss Natasha.
Natasha is heavily wounded.
The white imp hits you. The white imp freezes you. Natasha barely misses you.
You barely miss Natasha. Your bite misses Natasha.
Natasha is heavily wounded.
The white imp hits you. The white imp freezes you. Natasha barely misses you.
You hit Natasha. You bite Natasha, but do no damage.
Natasha is severely wounded.
The white imp hits you. The white imp freezes you. Natasha claws you!
* * * LOW HITPOINT WARNING * * *
You hit Natasha. You bite Natasha, but do no damage.
Natasha is almost dead.
The white imp gestures at you. The puff of frost hits you!
You die...

############
#..........#
#.########.# #########.#
#.# ......?##.# #.#
##.##.....#.# #.#
.......5..#.########)#
#.)@..........##.#
.......h.....####.##.#
##.##>##.###.###...#.###
......# #..†.........
#..........####...#.###
#.##....##.............
#. ####.######>..##.###
. #.# #.........
#..###....


You could see Natasha and a white imp.

Vanquished Creatures
  An adder (D:2)
  A worm (D:3)
  2 dart slugs
  4 leopard geckos
  2 orcs (D:3)
  3 giant cockroaches
  4 goblins
  8 hobgoblins
  5 bats
  9 kobolds
  7 rats
46 creatures vanquished.

Notes
Turn   | Place    | Note
-------+----------+-------------------------------------------
     0 | D:1      | TheGoonsmith the Vine Stalker Enchanter began the quest for the Orb.
     0 | D:1      | Reached XP level 1. HP: 9/9 MP: 4/4
    38 | D:1      | Reached skill level 1 in Short Blades
   242 | D:1      | Reached XP level 2. HP: 13/13 MP: 6/6
   273 | D:1      | Reached skill level 4 in Stealth
   834 | D:1      | Reached XP level 3. HP: 14/16 MP: 7/7
  2261 | D:3      | Found a hide-covered altar of Uskayaw.
  2266 | D:3      | Became a worshipper of Uskayaw the Reveler
  2275 | D:3      | Reached * piety under Uskayaw
  2276 | D:3      | Gained mutation: Your natural rate of healing is unusually fast. [Vine Stalker growth]
  2276 | D:3      | Reached XP level 4. HP: 16/21 MP: 5/8
  2405 | D:3      | Noticed Natasha
  2413 | D:3      | Reached ** piety under Uskayaw
  2419 | D:3      | Killed from afar by a white imp

Vault maps used:
D:1:      denvon_arrival_planthouse, minmay_misc_feat_pillars
D:2:      kennysheep_generic_room_4
D:3:      nicolae_ru_sacrificial_ziggurat, overflow_temple_1_default,
          nicolae_gozag_cash_rules_everything_around_me, uniq_ijyb,
          uniq_natasha, uniq_crazy_yiuf_cottage, uniq_robin, uniq_sigmund

Skill      XL: |  1  2 |
---------------+-------+-----
Short Blades   | 1 2 |  2.9
Stealth        | 4 |  4.6
Dodging        | |  1.5
Spellcasting   | |  2.1
Hexes          | |  3.0

Action                   |  1- 3 |  4- 6 || total
-------------------------+-------+-------++-------
Melee: Dagger            |   121 |    27 ||   148
       Bite              |    22 |     6 ||    28
 Stab: Sleeping          |     6 |     5 ||    11
  Eat: Chunk             |     3 |     1 ||     4
Armor: Robe              |    14 |     2 ||    16
Dodge: Dodged            |    77 |    18 ||    95

Table legend:
 A = Spawn XP
 B = Non-spawn XP
 C = Spawn XP percentage of total XP
 D = Spawn monster count
 E = Non-spawn monster count
 F = Spawn count percentage of total count
 G = Total turns spent on level
                    A         B        C        D         E        F      G
               +---------+---------+-------+---------+---------+-------+---------
         Total |       0 |     100 |   0.0 |       0 |      46 |   0.0 |  2419
               +---------+---------+-------+---------+---------+-------+---------
           D:1 |       0 |      39 |   0.0 |       0 |      22 |   0.0 |  1411
           D:2 |       0 |      37 |   0.0 |       0 |      13 |   0.0 |   850
           D:3 |       0 |      24 |   0.0 |       0 |      11 |   0.0 |   158
               +---------+---------+-------+---------+---------+-------+---------
